 Dungeon Crawl Stone Soup version 0.26-a0-257-g47e9e61525 (webtiles) character file.

Game seed: 17090203685228591648

23187 Gargoyl the Cleaver (level 12, -9/100 HPs)
             Began as a Centaur Abyssal Knight on July 10, 2020.
             Was a High Priest of Lugonu.
             Shot with an arrow by Nessos (16 damage)
             ... on level 5 of the Lair of Beasts.
             The game lasted 00:19:00 (16996 turns).

Gargoyl the Cleaver (Centaur Abyssal Knight)       Turns: 16996, Time: 00:19:02

Health: -9/100     AC: 14    Str: 19    XL:     12   Next: 69%
Magic:  19/19      EV:  9    Int: 11    God:    Lugonu [*****.]
Gold:   494        SH: 16    Dex: 16    Spells: 11/11 levels left

rFire    . . .     SeeInvis .   w - +4 war axe (distort)
rCold    . . .     Faith    .   o - +1 kite shield
rNeg     . . .     Spirit   .   m - +0 plate armour
rPois    .         Reflect  +   j - +0 helmet
rElec    .         Harm     .   A - scarf {+Inv}
rCorr    .                      L - +0 pair of gloves
MR       .....                  (no barding)
Stlth    ..........             E - amulet of reflection
HPRegen  0.26/turn              d - +6 ring of dexterity
MPRegen  0.16/turn              u - +4 ring of evasion

@: lethally poisoned (-9 -> -13), drained, very quick
A: large, hooves 3, deformed body, speed 2, tough skin 3
a: Depart the Abyss, Bend Space, Banish, Corrupt, Enter the Abyss, Renounce
Religion, Evoke Invisibility


You were on level 5 of the Lair of Beasts.
You worshipped Lugonu.
Lugonu was extremely pleased with you.
You were not hungry.

You visited 2 branches of the dungeon, and saw 14 of its levels.
You visited the Abyss 1 time.

You collected 926 gold pieces.
You spent 432 gold pieces at shops.

Inventory:

Hand Weapons
 a - a +1 hand axe
 t - a +2 vampiric hand axe
 w - a +4 war axe of distortion (weapon)
Missiles
 D - 3 javelins (quivered)
Armour
 j - a +0 helmet (worn)
 m - a +0 plate armour (worn)
 o - a +1 kite shield (worn)
 A - a scarf of invisibility (worn)
 L - a +0 pair of gloves (worn)
Jewellery
 d - a +6 ring of dexterity (left hand)
 l - an uncursed ring of see invisible
 s - an uncursed ring of protection from cold
 u - a +4 ring of evasion (right hand)
 E - an amulet of reflection (around neck)
 F - an uncursed ring of protection from magic {unknown}
 N - a +4 ring of evasion
Wands
 b - a wand of flame (38)
 y - a wand of acid (6)
 I - a wand of iceblast (10)
 K - a wand of paralysis (11)
Scrolls
 e - 4 scrolls of teleportation
 f - 5 scrolls of blinking
 g - 3 scrolls of identify
 i - 2 scrolls of fear
 n - 8 scrolls of remove curse
 B - 5 scrolls of fog
 O - a scroll of enchant weapon
Potions
 h - 3 potions of might
 k - 2 potions of cancellation
 p - a potion of flight {unknown}
 q - 2 potions of magic {unknown}
 r - a potion of degeneration {unknown}
 v - 2 potions of ambrosia {unknown}
 x - a potion of invisibility {unknown}
 z - 6 potions of curing
 C - a potion of heal wounds {unknown}
 G - 2 potions of haste
 H - a potion of lignification {unknown}
 J - 2 potions of stabbing {unknown}
 M - a potion of brilliance
Comestibles
 c - 52 rations


   Skills:
 + Level 7.6(6.9) Fighting
 + Level 10.3(9.5) Axes
 + Level 1.7(1.1) Throwing
 * Level 8.4(7.7) Armour
 * Level 6.4(5.8) Dodging
 + Level 4.7(4.0) Shields
 * Level 9.5(8.8) Invocations
 + Level 0.7(0.1) Evocations


You had 11 spell levels left.
You didn't know any spells.
Your spell library contained the following spells:

 Spells                   Type           Power        Failure   Level
 Animate Skeleton         Necr           #.....       100%        1
 Pain                     Necr           #...         100%        1
 Corpse Rot               Necr/Air       N/A          100%        2
 Stone Arrow              Conj/Erth      #.....       100%        3
 Vampiric Draining        Necr           #.........   100%        3
 Animate Dead             Necr           #.........   100%        4
 Agony                    Necr           #.......     100%        5
 Irradiate                Conj/Tmut      #.........   100%        5
 Summon Forest            Summ/Tloc      #.........   100%        5
 Eringya's Noxious Bog    Tmut/Pois      #.........   100%        6
 Hydra Form               Tmut           #.........   100%        6
 Statue Form              Tmut/Erth      #........    100%        6
 Dragon Form              Tmut           #.........   100%        7
 Summon Hydra             Summ           #.........   100%        7


Dungeon Overview and Level Annotations

Branches:
Dungeon (9/15)             Temple (0/1) D:7            Lair (5/6) D:8
  Swamp (0/4) Lair:3        Snake (0/4) Lair:2
  Slime: Lair:5-6       Orc: D:9-12

Altars:
Hepliaklqana
Okawaru
Ru
Uskayaw
Vehumet
The Shining One
Jiyva

Shops:
D:6 *   D:9 ?

Annotations:
D:8 Maurice
Lair:4 Josephine; Qovairph's ghost, journeyman GrEE
Lair:5 1 runed translucent door, Nessos
Abyss:1 Joseph


Innate Abilities, Weirdness & Mutations

You have hooves in place of feet.
Armour fits poorly on your strangely shaped body.
You cover ground very quickly.
You have extremely tough skin. (AC +3)


Message History

Throwing (i - inventory)
D - 4 javelins (quivered)
Press: ? - help, Shift-Dir - straight line, f/p - Nessos
Aim: Nessos, wielding a +2 longbow of flaming, wearing a +0 centaur barding and quivering 11 arrows (severely wounded, fast, extremely poisoned)
You throw a javelin. The javelin barely misses Nessos.
Nessos shoots an arrow.
The arrow hits you!!
* * * LOW HITPOINT WARNING * * *
The arrow burns you.
You are lethally poisoned!
* * * LOW HITPOINT WARNING * * *
Nessos shoots an arrow.
The arrow misses you.
Nessos shoots an arrow.
You reflect the arrow off an invisible shield around you!
The arrow hits Nessos!!
The arrow burns Nessos.
Nessos looks as sick as possible!
You feel better.
Nessos shoots an arrow.
The arrow hits you!
* * * LOW HITPOINT WARNING * * *
The arrow burns you.
You are poisoned.
* * * LOW HITPOINT WARNING * * *
Nessos shoots an arrow.
The arrow hits you!
You die...

.#.##.(P...#...## ...#.#.#.....#
..#####.......#.#.#. ...##....#..
<...##...##.....#.#...#.##..#####
.........###....#...........#
.....#...#.#....# .....##...###
#........P.[.#.##.##'###.>....#
............######.......######
.....#.....#.8.##(###...## 8%#
................@(.....(#.....
........#.#8.<..÷.÷.8(..'..>.8#
..........#(c...#.............#
P.....)...##.8.#..#...#..#.8.##
.......... ###.###......###.##
.........# ... ##..#### ##
........P. .#..# .... ...?......
.P.........# .....#......
..........


You could see Nessos (fast, extremely poisoned).

Vanquished Creatures
  A hydra (Lair:4)
  A two-headed ogre (D:8)
  4 death yaks (Lair:3)
  2 elephants (Lair:2)
  A black mamba (Lair:5)
  2 cane toads (Lair:3)
  2 komodo dragons
  A polar bear (Lair:4)
  4 blink frogs (Lair:2)
  A hornet (D:9)
  5 dream sheep (Lair:5)
  A hippogriff (Lair:2)
  A wraith (Lair:4)
  3 wyverns
  12 yaks
  6 basilisks
  2 insubstantial wisps
  2 nagas (Lair:2)
  10 water moccasins
  9 porcupines
  A black bear (D:6)
  A phantom (D:9)
  2 ogres
  An ice beast (D:6)
  7 crocodiles
  3 big kobolds
  7 bullfrogs
  5 howler monkeys
  An electric eel (Lair:1)
  2 centaur zombies (D:6)
  A jelly (D:8)
  An orc priest (D:4)
  2 bullfrog zombies
  2 hounds
  A centaur skeleton (D:6)
  An orc wizard (D:9)
  Natasha (thrice) (D:2)
  4 worker ants
  3 iguanas
  4 gnolls
  A howler monkey skeleton (D:8)
  11 adders
  A white imp (D:7)
  An ooze (D:4)
  An ufetubus (D:8)
  3 worms
  A dart slug (D:1)
  6 leopard geckos
  14 orcs
  12 bats
  4 giant cockroaches
  9 goblins
  12 hobgoblins
  9 jackals
  26 kobolds
  2 quokkas
  A ball python (D:6)
  8 frilled lizards
  12 rats
  A fungus (Lair:4)
  A plant (Lair:3)
258 creatures vanquished.

Vanquished Creatures (collateral kills)
  A hippogriff (Lair:2)
  A porcupine (Lair:2)
2 creatures vanquished.

Vanquished Creatures (others)
  A hydra (Lair:5)
  A catoblepas (Lair:4)
  A death yak (Lair:2)
  A manticore (D:9)
  An ugly thing (D:7)
  An elephant (Lair:2)
  A cane toad (Lair:2)
  2 komodo dragons
  A troll (D:9)
  2 hippogriffs (Lair:4)
  A blink frog (Lair:2)
  A wyvern (Lair:4)
  A steam dragon (D:8)
  6 yaks
  A basilisk (Lair:4)
  2 water moccasins
  A centaur (D:8)
  A big kobold (D:7)
  A howler monkey (D:8)
  An orc wizard (D:7)
  2 worker ants
  10 fungi
  5 plants
45 creatures vanquished.

Grand Total: 305 creatures vanquished

Notes
Turn   | Place    | Note
-------+----------+-------------------------------------------
     0 | Abyss:1  | Gargoyl the Centaur Abyssal Knight began the quest for the
                  | Orb.
     0 | Abyss:1  | Reached XP level 1. HP: 19/19 MP: 2/2
    50 | Abyss:2  | Noticed an iron imp
    55 | D:1      | Escaped the Abyss
   451 | D:1      | Reached * piety under Lugonu
   451 | D:1      | Reached XP level 2. HP: 26/26 MP: 3/3
   831 | D:1      | Reached skill level 1 in Dodging
   908 | D:1      | Reached skill level 2 in Axes
  1024 | D:1      | Reached XP level 3. HP: 31/31 MP: 4/4
  1708 | D:1      | Reached ** piety under Lugonu
  2049 | D:2      | Reached XP level 4. HP: 38/38 MP: 6/6
  2221 | D:2      | Noticed Natasha
  2234 | D:2      | Killed Natasha
  2276 | D:2      | Noticed Natasha
  2286 | D:2      | Killed Natasha
  2408 | D:2      | Noticed Natasha
  2417 | D:2      | Killed Natasha
  2417 | D:2      | Reached XP level 5. HP: 31/45 MP: 7/7
  3115 | D:3      | Found a sacrificial altar of Ru.
  3274 | D:3      | Reached skill level 3 in Axes
  3609 | D:4      | Reached skill level 1 in Shields
  3852 | D:4      | Reached XP level 6. HP: 51/51 MP: 8/8
  4019 | D:5      | Entered Level 5 of the Dungeon
  4143 | D:4      | Reached *** piety under Lugonu
  4556 | D:5      | Found a hazy altar of Hepliaklqana.
  4601 | D:5      | Found an iron altar of Okawaru.
  5269 | D:6      | Noticed an ice beast
  5276 | D:6      | Killed an ice beast
  5276 | D:6      | Reached XP level 7. HP: 34/58 MP: 10/10
  5418 | D:6      | Reached skill level 4 in Axes
  5607 | D:6      | Got a heavy robe
  5608 | D:6      | Identified the +1 robe "Muqorem" {-Tele rElec rF+ Dex+7}
                  | (You found it on level 6 of the Dungeon)
  5748 | D:6      | Found Furog's Assorted Antiques.
  5751 | D:6      | Bought a glowing hand axe for 132 gold pieces
  5752 | D:6      | Bought a runed war axe for 143 gold pieces
  6026 | D:6      | Reached XP level 8. HP: 53/66 MP: 11/11
  6543 | D:7      | Reached skill level 5 in Invocations
  6637 | D:7      | Reached skill level 5 in Axes
  7042 | D:7      | Found a staircase to the Ecumenical Temple.
  7157 | D:7      | Noticed a green ugly thing
  7165 | D:7      | Banished a green ugly thing
  7193 | D:7      | Found a glowing golden altar of the Shining One.
  7504 | D:8      | Found a hide-covered altar of Uskayaw.
  7527 | D:8      | Noticed a +0 hand axe
  7527 | D:8      | Noticed a +0 hand axe
  7544 | D:8      | Found a radiant altar of Vehumet.
  7662 | D:8      | Noticed a two-headed ogre
  7667 | D:8      | Killed a two-headed ogre
  7667 | D:8      | Reached skill level 6 in Axes
  7667 | D:8      | Reached XP level 9. HP: 30/72 MP: 13/13
  7915 | D:8      | Noticed Joseph
  7917 | D:8      | Banished Joseph
  7917 | D:8      | Reached skill level 5 in Armour
  7966 | D:8      | Reached **** piety under Lugonu
  8150 | D:8      | Noticed Maurice
  8435 | D:8      | Reached skill level 1 in Throwing
  8437 | D:8      | Reached skill level 5 in Fighting
  8836 | D:8      | HP: 1/74 [something] (9)]
  8875 | D:9      | Found Xechyg Seth's Magic Scroll Shoppe.
  8875 | D:9      | Noticed a troll
  8876 | D:9      | Banished a troll
  8876 | D:9      | Reached XP level 10. HP: 20/81 MP: 13/15
  9162 | D:9      | Bought a scroll of enchant weapon for 112 gold pieces
  9162 | D:9      | Bought a scroll of teleportation for 45 gold pieces
  9198 | D:9      | Reached skill level 7 in Axes
  9253 | D:9      | Noticed a manticore
  9259 | D:9      | Banished a manticore
  9848 | D:8      | Found a staircase to the Lair.
  9931 | Lair:1   | Entered Level 1 of the Lair of Beasts
 10990 | Lair:2   | Noticed an elephant
 11016 | Lair:2   | Banished an elephant
 11016 | Lair:2   | Reached skill level 8 in Axes
 11176 | Lair:2   | Found a staircase to the Snake Pit.
 11280 | Lair:2   | Noticed a cane toad
 11285 | Lair:2   | Banished a cane toad
 11352 | Lair:2   | Reached XP level 11. HP: 78/89 MP: 16/16
 11352 | Lair:2   | Reached skill level 5 in Dodging
 12566 | Lair:3   | Noticed a death yak
 12568 | Lair:3   | Found a staircase to the Swamp.
 12831 | Lair:3   | Found a hide-covered altar of Uskayaw.
 13165 | Lair:3   | Noticed a death yak
 13166 | Lair:3   | Noticed a death yak
 13167 | Lair:3   | Noticed a death yak
 13172 | Lair:3   | Noticed a death yak
 13179 | Lair:3   | Killed a death yak
 13179 | Lair:3   | Reached skill level 9 in Axes
 13180 | Lair:3   | Killed a death yak
 13522 | Lair:2   | Banished a death yak
 13539 | Lair:3   | Killed a death yak
 13550 | Lair:3   | Killed a death yak
 14307 | Lair:4   | Reached XP level 12. HP: 97/97 MP: 18/18
 14425 | Lair:4   | Noticed a five-headed hydra
 14434 | Lair:4   | Killed a nine-headed hydra
 14568 | Lair:4   | Found a transporter.
 14570 | Lair:4   | Noticed a dire elephant
 14571 | Lair:4   | Noticed Qovairph's ghost (journeyman GrEE)
 14571 | Lair:4   | Noticed an eight-headed hydra
 14573 | Lair:4   | Noticed a catoblepas
 14580 | Lair:4   | Found a transporter.
 14591 | Lair:4   | Banished a catoblepas
 15540 | Lair:5   | Found a runed translucent door.
 15540 | Lair:5   | Found a viscous altar of Jiyva.
 15540 | Lair:5   | Noticed an acid blob
 15540 | Lair:5   | Noticed an acid blob
 16028 | Lair:5   | Reached skill level 10 in Axes
 16130 | Lair:5   | Reached ***** piety under Lugonu
 16179 | Lair:5   | Noticed a six-headed hydra
 16193 | Lair:5   | Banished a seven-headed hydra
 16454 | Lair:5   | Noticed Josephine
 16457 | Lair:5   | Noticed an eight-headed hydra
 16463 | Lair:5   | Noticed Nessos
 16996 | Lair:5   | Shot with an arrow by Nessos

Illustrated notes

Levels and vault maps discovered:
D:1:      scummos_arrival_checkerplants, layout_loops_corners
D:2:      layout_basic, uniq_natasha
D:3:      layout_basic, nicolae_ru_sacrificial_ziggurat, kennysheep_crisscross
D:4:      layout_gridville, first_ration
D:5:      layout_basic, okawaru_altar_gauntlet_db,
          nicolae_overflow_crystal_walls
D:6:      layout_loops_corners, serial_shops, nicolae_shop_behind_doors,
          minmay_crossroads
D:7:      layout_basic, kennysheep_mini, minmay_temple_entry_statues_fountains
D:8:      layout_basic, vehumet_crystals, dancing_weapons_uskayaw,
          erik_lair_dragon, uniq_maurice, uniq_joseph
D:9:      minmay_bloctagon_deflated, layout_rooms, orc_0_dummy, serial_shops,
          shop
Lair:1:   layout_gridlike, lemuel_fruit_tree
Lair:2:   layout_cave_pods, guppyfry_snake_entry_island, serial_bayou_shore_b
Lair:3:   layout_cave_pods, minmay_swamp_entry_wisps, basic_altar,
          chequers_serial_rivers_micro_a, minmay_holes,
          chequers_serial_rivers_room_a, beast_lair_carwin_9
Lair:4:   layout_roguey, gammafunk_ghost_arena
Lair:5:   layout_misc_corridors, slime_altar_2, grunt_megastairs_1,
          uniq_josephine, uniq_nessos

Skill      XL: |  1  2  3  4  5  6  7  8  9 10 11 12 |
---------------+-------------------------------------+-----
Dodging        | 1 2 3 4 5 6 |  6.4
Axes           | 2 3 4 6 8 9 10 | 10.3
Armour         | 2 3 4 5 6 7 8 |  8.4
Invocations    | 3 4 6 7 8 9 |  9.5
Shields        | 1 2 3 4 |  4.7
Fighting       | 4 5 6 7 |  7.6
Throwing       | 1 |  1.7
Evocations     | |  0.7

Action                   |  1- 3 |  4- 6 |  7- 9 | 10-12 || total
-------------------------+-------+-------+-------+-------++-------
Melee: Hand axe          |    85 |   196 |    36 |       ||   317
       Kick              |    15 |    59 |    36 |   104 ||   214
       War axe           |       |       |   119 |   332 ||   451
Throw: Javelin           |       |       |    15 |    11 ||    26
Invok: Depart the Abyss  |     1 |       |       |       ||     1
       Banish            |       |       |       |     3 ||     3
       Bend Space        |       |       |       |     1 ||     1
Evoke: Wand              |     3 |       |       |     9 ||    12
  Use: Potion            |     2 |       |     1 |     1 ||     4
       Scroll            |       |    12 |     1 |     8 ||    21
  Eat: Ration            |     1 |     2 |     3 |     6 ||    12
Armor: Leather armour    |    25 |       |       |       ||    25
       Ring mail         |    19 |    49 |       |       ||    68
       Plate armour      |       |    66 |    74 |   113 ||   253
       Skin              |       |       |     2 |       ||     2
Dodge: Dodged            |    42 |    50 |    49 |    89 ||   230
Block: Kite shield       |     4 |   101 |    77 |   220 ||   402
       Reflection        |       |       |       |     5 ||     5

Table legend:
 A = Non-vault XP
 B = Vault XP
 C = Vault XP percentage of total XP
 D = Non-vault monster count
 E = Vault monster count
 F = Vault count percentage of total count
                 A         B        C        D         E       F
            +---------+---------+-------+---------+---------+-------
      Total |   26939 |    6186 |  18.7 |     258 |      32 |  11.0
            +---------+---------+-------+---------+---------+-------
        D:1 |      66 |       0 |   0.0 |      30 |       0 |   0.0
        D:2 |     142 |      37 |  20.7 |      31 |       1 |   3.1
        D:3 |      75 |       0 |   0.0 |      21 |       0 |   0.0
        D:4 |     146 |       0 |   0.0 |      13 |       0 |   0.0
        D:5 |     219 |      23 |   9.5 |       6 |       5 |  45.5
        D:6 |     717 |     122 |  14.5 |      14 |       1 |   6.7
        D:7 |    1062 |       0 |   0.0 |      26 |       0 |   0.0
        D:8 |    1560 |    1771 |  53.2 |      19 |       8 |  29.6
        D:9 |     704 |     930 |  56.9 |      16 |       3 |  15.8
     Lair:1 |    1022 |       0 |   0.0 |       8 |       0 |   0.0
     Lair:2 |    6513 |     314 |   4.6 |      25 |       2 |   7.4
     Lair:3 |    4413 |    1260 |  22.2 |       8 |       7 |  46.7
     Lair:4 |    4509 |    1343 |  22.9 |      19 |       3 |  13.6
     Lair:5 |    5791 |     386 |   6.2 |      22 |       2 |   8.3
            +---------+---------+-------+---------+---------+-------
